 Dungeon Crawl Stone Soup version 0.29.1-15-g9cfb28693d (webtiles) character file.

Game seed: 1697252076654399381

168 pokedragonboy the Changer (level 5, 38/38 HPs)
             Began as a Merfolk Transmuter on Mar 10, 2023.
             Quit the game on level 3 of the Dungeon.
             The game lasted 00:05:01 (3658 turns).

pokedragonboy the Changer (Merfolk Transmuter)      Turns: 3658, Time: 00:05:02

Health: 38/38      AC:  3    Str: 10    XL:     5   Next: 49%
Magic:  8/8        EV: 12    Int: 14    God:
Gold:   160        SH:  0    Dex: 15    Spells: 6/9 levels left

rFire   + . .      SeeInvis .     - Unarmed
rCold   . . .      Faith    .   (no shield)
rNeg    . . .      Spirit   .   f - +0 leather armour {rF+}
rPois   .          Reflect  .   (helmet currently unavailable)
rElec   .          Harm     .   (no cloak)
rCorr   .          Rampage  .   (no gloves)
Will    .....                   (boots currently unavailable)
Stlth   +.........              (no amulet)
HPRegen 0.12/turn               (no ring)
MPRegen 0.11/turn               (no ring)

@: appendages (expiring)
A: horns 2, (nimble swimmer 2), mertail
a: End Transformation


You were on level 3 of the Dungeon.
You had temporarily grown beastly horns.
You visited 1 branch of the dungeon, and saw 3 of its levels.

You collected 160 gold pieces.

Inventory:

Hand Weapons
 i - a +0 spear
Armour
 a - a +0 robe
 f - a +0 leather armour of fire resistance (worn)
Scrolls
 b - a scroll of noise
 d - 4 scrolls of fear
 e - a scroll of amnesia
 g - a scroll of brand weapon
 k - a scroll of enchant weapon {unknown}
 m - a scroll of identify
Potions
 c - a potion of mutation
 h - a potion of might {unknown}
 j - a potion of magic {unknown}
 l - 2 potions of flight {unknown}


   Skills:
 - Level 2.0 Fighting
 + Level 3.5 Dodging
 * Level 4.5 Unarmed Combat
 + Level 2.6 Spellcasting
 * Level 4.6 Transmutations


You had 6 spell levels left.
You knew the following spells:

 Your Spells              Type           Power      Damage    Failure   Level
a - Beastly Appendage     Tmut           28%        N/A       4%          1
b - Wereblood             Tmut           14%        N/A       7%          2

Your spell library contained the following spells:

 Spells                   Type           Power      Damage    Failure   Level
 Spider Form              Tmut/Pois      8%         N/A       34%         3
 Ice Form                 Ice/Tmut       8%         N/A       75%         4


Dungeon Overview and Level Annotations

Branches:
Dungeon (3/15)

Altars:


Innate Abilities, Weirdness & Mutations

You have temporarily grown beastly horns.
((You are very nimble when in or above water. (Stealth+, EV+, Speed+++)))
Your lower body shifts to a powerful aquatic tail in water.


Message History

You hit the orc priest.
The orc priest is moderately wounded.
The orc priest barely misses you.
You hit the orc priest.
The orc priest is moderately wounded.
The orc priest barely misses you.
You punch the orc priest!
The orc priest is severely wounded.
The orc priest calls down the wrath of Beogh upon you.
Pain shoots through your body!
You hit the orc priest.
You feel a bit better.
You kill the orc priest!
There is an open door, spattered with blood here.
Items here: )))) [[ ††††.
Okay, then.
You start resting.
Your primal bloodlust is almost over.
You howl as the wereblood boils in your veins!
Your primal bloodlust has ended.
Magic restored.
HP restored.
Found a stone staircase leading up.
l - 2 clear potions (gained 1)
Found a potion of lignification.
A hobgoblin comes into view.
Found a scroll of identify.
Casting: Wereblood (safe; 7% risk of failure)
Confirm with . or Enter, or press ? or * to list all spells.
You grow a pair of large bovine horns.
The hobgoblin shouts!
You hit the hobgoblin.
You kill the hobgoblin!
No target in view!
m - a scroll of identify Your transformation is almost over.
No target in view!
A ball python comes into view.
The ball python hisses angrily.
A ball python is nearby!
Are you sure you want to abandon this character and quit the game? (Confirm with "yes".)

.........##
#...........#
#.....###...#
#..##.###...#
#..##..##...###
#..###.##.....#
######........##...#####
.S.............+...)....
.#@#......#...####.
#.#..........# #.
#.#....##.#### #.
#......##.# #.
###....##.. #.
####...... #. #.###### .
#. .# #.#. .# #...


You could see a ball python.

Vanquished Creatures
  An orc priest (D:3)
  An orc wizard (D:3)
  2 gnolls (D:1)
  3 adders (D:2)
  5 dart slugs
  2 orcs (D:3)
  5 endoplasms (D:1)
  A giant cockroach (D:2)
  6 hobgoblins
  4 jackals (D:2)
  A quokka (D:1)
  11 ball pythons
  5 bats
  2 frilled lizards (D:1)
  3 goblins
  2 rats
54 creatures vanquished.

Notes
Turn   | Place    | Note
-------+----------+-------------------------------------------
     0 | D:1      | pokedragonboy the Merfolk Transmuter began the quest for
                  | the Orb.
     0 | D:1      | Reached XP level 1. HP: 15/15 MP: 3/3
   204 | D:1      | Reached XP level 2. HP: 3/21 MP: 1/5
   210 | D:1      | HP: 1/31 [rat (1)]
   992 | D:1      | Reached XP level 3. HP: 10/26 MP: 4/6
  1195 | D:1      | Learned a level 2 spell: Wereblood
  2179 | D:2      | Reached XP level 4. HP: 32/33 MP: 5/7
  2221 | D:2      | HP: 1/33 [adder (4)]
  3474 | D:3      | Reached XP level 5. HP: 30/38 MP: 5/8
  3658 | D:3      | Quit the game

Illustrated notes

Levels and vault maps discovered:
D:1:      wander_arrival_desolate, layout_loops_ring
D:2:      layout_loops_ring
D:3:      minmay_general_purpose_star, layout_basic,
          mainiacjoe_overflow_catwalk, ebering_ecumenical_altar_mist

Skill      XL: |  1  2  3  4 |
---------------+-------------+-----
Transmutations | 3 4 |  4.6
Dodging        | 3 |  3.5
Unarmed Combat | 4 |  4.5
Fighting       | 2 |  2.0
Spellcasting   | |  2.6

Action                   |  1- 3 |  4- 6 || total
-------------------------+-------+-------++-------
Melee: Unarmed           |    71 |    94 ||   165
       Headbutt          |    10 |    11 ||    21
       Punch             |     1 |     2 ||     3
 Cast: Beastly Appendage |    21 |    19 ||    40
       Wereblood         |       |     1 ||     1
  Use: Potion            |     1 |     3 ||     4
       Scroll            |       |     5 ||     5
 Stab: Sleeping          |     1 |     1 ||     2
Armor: Robe              |    10 |     9 ||    19
       Skin              |     4 |       ||     4
       Leather armour    |       |     4 ||     4
Dodge: Dodged            |    37 |    69 ||   106
